Map: Submarine LE

Players

Spatz

  • Race: Protoss Protoss
  • League: Grandmaster
  • Spawn Location: 5:00

Vanya - Winner!

  • Race: Zerg Zerg
  • League: Grandmaster
  • Spawn Location: 11:00

Event: DreamHack SC2 Masters 2020 Winter

VOD

Have the link to the VOD?

Description

Time

  • Played on: Oct. 16, 2020, 1:44 p.m.
  • Length: 9:46

All games in this series

Show
View Real Time Build Order
Export as new Build Order

Spatz Protoss 

Build Orders:  

Get SALT Encoding   

  12  0:00  Probe  
  13  0:12  Probe  
  14  0:17  Pylon  
  14  0:24  Probe (Chrono Boost)  
  15  0:36  Probe (Chrono Boost)  
  15  0:37  Gateway  
  16  0:44  Probe (Chrono Boost)  
  16  0:48  Assimilator  
  17  0:51  Probe  
  18  1:03  Probe  
  19  1:12  Gateway  
  19  1:13  Pylon  
  19  1:25  Cybernetics Core  
  19  1:26  Zealot (Chrono Boost)  
  21  1:37  Probe  
  22  1:44  Zealot (Chrono Boost)  
  24  1:51  Gateway  
  24  1:52  Probe  
  27  2:07  Probe  
  27  2:08  Adept (Chrono Boost)  
  26  2:27  Warp Gate, Probe  
  26  2:28  Nexus  
  25  2:39  Assimilator, Probe  
  26  2:52  Probe  
  26  2:57  Pylon  
  27  3:04  Probe  
  30  3:09  Twilight Council  
  27  3:16  Probe  
  27  3:19  Stalker  
  30  3:28  Probe (Chrono Boost)  
  31  3:40  Probe (Chrono Boost)  
  33  3:42  Robotics Facility  
  33  3:45  Probe (Chrono Boost)  
  33  3:46  Probe (Chrono Boost)  
  34  3:51  Resonating Glaives (Chrono Boost)  
  34  3:53  Probe  
  34  3:54  Probe  
  36  3:58  Gateway  
  36  4:05  Probe  
  36  4:06  Probe  
  36  4:08  Gateway  
  38  4:16  Adept x2  
  42  4:17  Probe  
  42  4:18  Probe  
  44  4:26  Warp Prism (Chrono Boost)  
  44  4:29  Probe  
  44  4:30  Probe  
  48  4:38  Pylon  
  48  4:40  Adept  
  48  4:41  Adept, Probe  
  48  4:43  Probe  
  54  4:47  Pylon  
  54  4:49  Assimilator  
  54  4:56  Probe  
  54  4:58  Observer (Chrono Boost)  
  56  5:02  Adept x3  
  56  5:06  Pylon  
  62  5:16  Probe  
  63  5:21  Robotics Bay  
  63  5:23  Probe  
  63  5:28  Probe  
  65  5:30  Adept x4  
  65  5:33  Assimilator  
  73  5:37  Observer  
  73  5:39  Probe  
  74  5:44  Pylon  
  74  5:46  Immortal (Chrono Boost)  
  78  6:00  Pylon  
  78  6:02  Pylon  
  78  6:03  Probe  
  79  6:13  Probe  
  79  6:15  Disruptor (Chrono Boost)  
  79  6:16  Probe  
  84  6:24  Forge  
  84  6:25  Probe  
  85  6:26  Nexus  
  85  6:27  Pylon  
  85  6:34  Gateway  
  85  6:36  Gateway  
  81  6:41  Disruptor (Chrono Boost)  
  84  6:49  Robotics Facility  
  84  6:53  Blink  
  84  6:59  Shield Battery  
  84  7:00  Stalker x3  
  90  7:02  Probe  
  90  7:03  Probe  
  90  7:08  Adept  
  94  7:14  Probe  
  83  7:25  Disruptor  
  83  7:26  Probe  
  83  7:28  Stalker x3, Sentry  
  95  7:39  Stalker  
  95  7:40  Stalker  
  95  7:41  Pylon  
  99  7:50  Gateway x2  
  99  7:52  Assimilator  
  99  8:08  Stalker x6  
  99  8:12  Probe x2  
  109  8:15  Probe  
  110  8:26  Probe  
  111  8:35  Observer  
  111  8:37  Adept x6  
  99  8:42  Stalker x5  
  99  8:43  Stalker  
  89  8:49  Probe  
  89  8:50  Probe x2  
  82  9:01  Probe  
  82  9:02  Probe  
  83  9:07  Stalker x6  
  83  9:08  Stalker  
  81  9:32  Stalker x6  
  81  9:35  Adept  
Show
View Real Time Build Order
Export as new Build Order

Vanya Zerg - Winner!

Build Orders: Pool First 

Get SALT Encoding   

  12  0:17  Spawning Pool  
  11  0:22  Drone  
  11  0:26  Drone  
  13  0:30  Drone  
  14  0:39  Overlord  
  14  1:03  Zergling x4  
  16  1:05  Zergling x2  
  19  1:16  Zergling x2  
  19  1:18  Hatchery  
  17  1:27  Zergling x2  
  17  1:32  Queen  
  20  1:39  Zergling x2  
  21  1:52  Overlord  
  21  2:06  Drone  
  22  2:10  Queen  
  22  2:13  Drone  
  22  2:15  Extractor  
  23  2:20  Drone  
  24  2:29  Queen  
  26  2:30  Drone  
  26  2:31  Drone  
  28  2:42  Drone  
  29  2:45  Drone x2  
  29  2:50  Overlord  
  31  2:53  Drone  
  31  2:57  Drone  
  33  3:09  Drone  
  34  3:13  Drone  
  35  3:20  Metabolic Boost  
  35  3:29  Hatchery  
  35  3:31  Drone  
  35  3:34  Drone  
  36  3:36  Drone  
  37  3:41  Drone  
  37  3:42  Drone  
  37  3:45  Overlord  
  39  3:52  Drone  
  39  3:53  Drone x2  
  42  3:56  Overlord  
  42  4:00  Drone  
  43  4:04  Drone x3  
  43  4:09  Overlord  
  46  4:15  Roach Warren  
  46  4:16  Extractor  
  44  4:17  Drone  
  44  4:18  Drone  
  44  4:22  Drone x2  
  48  4:26  Drone x2  
  48  4:28  Drone  
  48  4:30  Drone  
  52  4:31  Drone  
  52  4:37  Overlord  
  53  4:50  Spore Crawler  
  53  4:52  Spore Crawler  
  51  4:54  Roach x2  
  51  4:55  Roach x2  
  51  4:56  Zergling x8  
  63  5:04  Zergling x10  
  68  5:09  Overlord  
  68  5:13  Zergling x6  
  71  5:15  Ravager x2  
  71  5:19  Overlord  
  73  5:22  Spore Crawler  
  73  5:23  Ravager  
  73  5:26  Overlord  
  74  5:30  Zergling x2  
  74  5:31  Zergling x10  
  74  5:33  Overlord  
  80  5:39  Ravager  
  81  5:44  Overlord  
  81  5:46  Drone x3  
  81  5:49  Extractor  
  83  5:52  Drone x2  
  85  5:58  Overlord  
  85  6:03  Roach x3  
  91  6:04  Drone x3  
  91  6:09  Lair  
  94  6:12  Overlord  
  94  6:20  Drone x2  
  95  6:27  Spore Crawler  
  95  6:29  Drone x2  
  94  6:33  Drone  
  94  6:34  Drone x3  
  98  6:40  Drone, Overlord  
  98  6:41  Drone x3  
  98  6:43  Extractor  
  98  6:45  Evolution Chamber  
  100  6:52  Drone x2  
  100  6:53  Extractor  
  101  6:54  Drone x3, Extractor  
  101  6:59  Roach x5  
  113  7:03  Overlord  
  109  7:09  Glial Reconstitution  
  109  7:11  Spire  
  109  7:13  Roach x4  
  108  7:17  Overlord  
  100  7:26  Drone x2  
  100  7:27  Drone  
  100  7:28  Drone  
  104  7:38  Hatchery  
  104  7:40  Roach x6  
  115  7:51  Drone  
  115  7:52  Drone x3, Overlord  
  115  7:58  Overlord  
  119  8:00  Overlord  
  119  8:03  Roach x8  
  127  8:10  Drone x2  
  127  8:13  Roach x5  
  127  8:15  Ravager x4  
  127  8:16  Ravager  
  142  8:23  Ravager x2  
  142  8:24  Zergling x4  
  142  8:25  Zergling x10  
  143  8:33  Zergling x4  
  137  8:37  Zergling x6  
  136  8:42  Zergling x4, Roach  
  136  8:46  Zergling x2  
  136  8:47  Zergling x2, Roach x2  
  133  8:57  Mutalisk x4  
  133  8:58  Mutalisk  
  143  9:07  Mutalisk x3  
  138  9:18  Mutalisk x3  
  138  9:22  Zergling x16  
Tags
 
Add a new tag
Caveats
  • Supply blocks, unpowered buildings, or Contaminate may cause inaccurate times.
  • Supply counts are checked every 10 seconds.